 Dungeon Crawl Stone Soup version 0.21.1-1-g345015f (webtiles) character file.

67 Lanoc the Skirmisher (level 4, 0/37 HPs)
             Began as a Formicid Abyssal Knight on Mar 19, 2018.
             Was a Follower of Lugonu.
             Succumbed to an adder's poison
             ... on level 2 of the Dungeon.
             The game lasted 00:03:05 (1131 turns).

Lanoc the Skirmisher (Formicid Abyssal Knight)      Turns: 1131, Time: 00:03:06

Health: 0/37       AC:  4    Str: 17    XL:     4   Next: 38%
Magic:  6/6        EV: 11    Int: 11    God:    Lugonu [*.....]
Gold:   50         SH:  0    Dex: 11    Spells: 3/3 levels left

rFire    . . .     SeeInvis +   a - +1 falchion
rCold    . . .     Gourm    .   (no shield)
rNeg     . . .     Faith    .   b - +0 leather armour
rPois    .         Spirit   .   (helmet unavailable)
rElec    .         Reflect  .   (no cloak)
rCorr    .         Harm     .   d - +0 pair of gloves
MR       .....                  (no boots)
Stlth    +.........             (no amulet)
HPRegen  0.12/turn              (no ring)
MPRegen  0.10/turn              (no ring)

@: lethally poisoned (0 -> -3), flying, very slightly contaminated, invisible
A: permanent stasis, dig shafts and tunnels, four strong arms, antennae 3
a: Dig, Shaft Self, Depart the Abyss, Renounce Religion


You were on level 2 of the Dungeon.
You worshipped Lugonu.
Lugonu was aware of your devotion.
You were hungry.

You visited 1 branch of the dungeon, and saw 2 of its levels.
You visited the Abyss 1 time.

You collected 50 gold pieces.

Inventory:

Hand Weapons
 a - a +1 falchion (weapon)
Armour
 b - a +0 leather armour (worn)
 d - a +0 pair of gloves (worn)
Scrolls
 i - 2 scrolls of remove curse {unknown}
Potions
 e - a potion of flight
 g - a potion of invisibility
Comestibles
 c - 2 rations
 h - 2 chunks of flesh


   Skills:
 + Level 3.6 Fighting
 * Level 2.9 Long Blades
 + Level 2.6 Armour
 + Level 1.4 Dodging
 * Level 3.1 Invocations


You had 3 spell levels left.
You didn't know any spells.

Dungeon Overview and Level Annotations

Branches:
Dungeon (2/15)

Altars:


Innate Abilities, Weirdness & Mutations

You cannot be hasted, slowed, berserked, paralysed or teleported.
You can dig through walls and to a lower floor.
Your four strong arms can wield two-handed weapons with a shield.
You have a pair of large antennae on your head. (SInv)


Message History

You hit the adder.
You kill the adder!
Lugonu accepts your kill.
* * * LOW HITPOINT WARNING * * *
You feel sick.
You closely miss the rat. The rat bites you.
* * * LOW HITPOINT WARNING * * *
You closely miss the rat.
* * * LOW HITPOINT WARNING * * *
You feel sick. The rat completely misses you.
You riposte.
You slash the rat!
You kill the rat!
Lugonu accepts your kill.
You hit the dart slug but do no damage. You hit the dart slug.
The dart slug is moderately wounded.
The dart slug bites you but does no damage.
You catch the helpless dart slug completely off-guard!
You hit the dart slug.
The dart slug is moderately wounded.
You die...

#.#..............##......
#.###+##'#.....†.##......
...######.###.##.#.......##......
...........##.##.#.......##......
...........##.##.#...#...........
...........##....################
..............##.# ............
.........?.w..##w# #.####.####
#...........##@# #.#.)'.'..#
#...........##.#. #.#..#.#).#
..............##.#.#+##.#'##.#+##
...#####......##.#...............
.. #########.#.#+##.#+##.#'##
#.#.#..#.#..#.#..#
#.#.#..'.'..#.#..'
#.#.####.####.####
#.#...............


You could see a dart slug.

Vanquished Creatures
  2 adders (D:2)
  A dart slug (D:2)
  2 leopard geckos (D:2)
  2 giant cockroaches
  5 goblins
  6 hobgoblins
  2 jackals (D:2)
  4 kobolds
  A quokka (D:2)
  A ball python (D:1)
  9 bats
  2 frilled lizards
  4 rats
41 creatures vanquished.

Notes
Turn   | Place    | Note
-------+----------+-------------------------------------------
     0 | Abyss:1  | Lanoc the Formicid Abyssal Knight began the quest for the Orb.
     0 | Abyss:1  | Reached XP level 1. HP: 18/18 MP: 2/2
    58 | Abyss:1  | Noticed a small abomination
    68 | D:1      | Escaped the Abyss
   114 | D:1      | Reached skill level 1 in Dodging
   205 | D:1      | Reached XP level 2. HP: 22/24 MP: 3/3
   339 | D:1      | Reached * piety under Lugonu
   486 | D:1      | Reached XP level 3. HP: 29/29 MP: 5/5
  1119 | D:2      | Reached XP level 4. HP: 14/37 MP: 6/6
  1128 | D:2      | HP: 1/37 [poisoned by an adder]
  1131 | D:2      | Succumbed to an adder's poison

Skill      XL: |  1  2  3 |
---------------+----------+-----
Dodging        | 1 |  1.4
Invocations    | 3 |  3.1
Fighting       | |  3.6
Long Blades    | |  2.9
Armour         | |  2.6

Action                   |  1- 3 |  4- 6 || total
-------------------------+-------+-------++-------
Melee: Falchion          |   113 |     9 ||   122
Invok: Depart the Abyss  |     1 |       ||     1
 Abil: Dig               |     2 |       ||     2
  Use: Potion            |       |     3 ||     3
 Stab: Sleeping          |     2 |       ||     2
       Invisible         |       |     2 ||     2
  Eat: Chunk             |     1 |       ||     1
Armor: Leather armour    |    52 |     2 ||    54
Dodge: Dodged            |    93 |     4 ||    97
       Rpst.: Falchion   |    30 |     2 ||    32
